Map: Orbital Shipyard

Players

iaguz - Winner!

  • Race: Terran Terran

NXZ

  • Race: Zerg Zerg
  • League: Grandmaster

Event: 2016 WCS Winter Challenger Oceania SEA

VOD

Have the link to the VOD?

Description

Time

  • Played on: Feb. 12, 2016, 9:57 p.m.
  • Length: 12:33

All games in this series

Show
View Real Time Build Order
Export as new Build Order

iaguz Terran - Winner!

Build Orders: Bio Tank, Banshee Rush 

Get SALT Encoding   

  12  0:00  SCV  
  13  0:13  SCV  
  14  0:18  Supply Depot  
  14  0:25  SCV  
  15  0:40  SCV  
  15  0:42  Barracks  
  16  0:52  SCV  
  17  1:04  SCV  
  18  1:14  Command Center  
  18  1:16  SCV  
  19  1:29  Orbital Command  
  19  1:30  Marine  
  20  1:34  Refinery  
  20  1:47  Refinery, Supply Depot  
  20  1:49  Marine  
  21  1:55  SCV  
  22  2:07  Marine  
  23  2:08  SCV  
  24  2:20  SCV  
  25  2:24  Marine  
  25  2:27  Factory, Orbital Command  
  26  2:32  SCV  
  26  2:48  Barracks Reactor, SCV  
  26  2:53  SCV  
  27  2:58  Command Center  
  27  3:02  SCV  
  28  3:12  SCV, Starport  
  29  3:14  SCV  
  29  3:18  Factory Tech Lab  
  30  3:21  Bunker  
  30  3:24  Marine x2  
  30  3:26  SCV  
  33  3:28  SCV  
  34  3:38  SCV  
  34  3:40  SCV  
  36  3:43  Factory Tech Lab, Marine x2  
  38  3:50  SCV  
  38  3:52  SCV  
  38  3:55  Supply Depot, Cloaking Field  
  40  3:56  Banshee  
  43  4:03  Siege Tank  
  46  4:10  SCV x2, Marine x2  
  46  4:12  Orbital Command  
  50  4:22  SCV x2  
  52  4:30  Barracks  
  52  4:32  Barracks  
  52  4:34  SCV x2  
  52  4:38  Refinery x2, Banshee  
  54  4:39  SCV  
  54  4:43  Marine  
  54  4:44  Factory Reactor  
  59  4:49  SCV x2  
  59  4:51  SCV  
  62  4:52  Engineering Bay  
  62  4:53  Engineering Bay  
  62  4:55  Supply Depot  
  62  4:58  Supply Depot  
  62  4:59  Orbital Command  
  62  5:01  Marine  
  62  5:02  Stimpack  
  62  5:03  SCV  
  62  5:07  SCV  
  65  5:15  SCV  
  65  5:19  SCV, Marine  
  68  5:22  Marine x2  
  68  5:27  SCV  
  71  5:33  Marine x2  
  71  5:34  Terran Infantry Weapons Level 1, Terran Infantry Armor Level 1, Starport Reactor  
  71  5:35  SCV x2  
  75  5:37  Marine  
  75  5:39  SCV, Barracks  
  75  5:40  Marine x2  
  75  5:42  Barracks  
  79  5:47  SCV  
  80  5:51  Siege Tank, Marine x2  
  80  5:54  Supply Depot  
  80  5:56  Supply Depot  
  85  6:09  Marine x4  
  85  6:10  SCV x3  
  92  6:17  Supply Depot  
  92  6:20  Supply Depot  
  92  6:22  SCV x3, Marine  
  92  6:23  Medivac x2  
  92  6:24  Siege Tank  
  103  6:27  Marine x2  
  103  6:30  Barracks Reactor x2  
  105  6:34  SCV x3  
  105  6:37  Marine x2  
  105  6:38  Armory, Refinery  
  110  6:40  Marine  
  110  6:43  Refinery  
  110  6:45  Factory, Marine  
  110  6:46  SCV x2  
  114  6:50  Marine  
  114  6:52  SCV  
  116  6:55  Marine x2  
  116  6:58  SCV x2  
  116  6:59  Marine  
  116  7:00  Siege Tank  
  124  7:03  Marine  
  124  7:04  SCV  
  124  7:06  Marine x2  
  124  7:08  Marine  
  129  7:13  Marine  
  129  7:14  Marine x3  
  129  7:15  Medivac  
  132  7:17  Marine  
  132  7:18  Medivac  
  132  7:23  Supply Depot x3  
  132  7:25  Supply Depot  
  132  7:26  Marine x4  
  136  7:30  Marine  
  136  7:31  Terran Infantry Weapons Level 2  
  136  7:32  Marine x2  
  136  7:33  Terran Infantry Armor Level 2  
  136  7:36  Terran Vehicle Weapons Level 1  
  139  7:39  Missile Turret  
  139  7:41  Combat Shields  
  139  7:45  Missile Turret  
  139  7:47  Missile Turret x2  
  139  7:48  Marine  
  139  7:49  Factory Tech Lab  
  140  7:53  Siege Tank  
  140  7:56  Marine x4  
  140  7:57  Marine  
  148  8:01  Marine x3  
  148  8:04  Medivac  
  153  8:07  Medivac  
  155  8:17  Marine x3  
  155  8:18  Siege Tank, Marine x2  
  163  8:25  Barracks  
  163  8:26  Barracks  
  163  8:29  Supply Depot x2  
  163  8:35  Marine x4  
  163  8:36  Marine x3  
  166  8:52  Widow Mine x2, Marine x2  
  166  8:53  Marine x3  
  166  8:55  Medivac x2, Marine x3  
  181  9:08  Command Center, Marine  
  162  9:10  Marine  
  162  9:12  Marine x4  
  140  9:19  Marine  
  140  9:20  Marine x2  
  140  9:22  Barracks Tech Lab x2  
  140  9:23  Siege Tank  
  146  9:26  Medivac, Marine  
  146  9:27  Marine  
  146  9:28  Siege Tank  
  146  9:30  Marine  
  154  9:32  Marine x2  
  140  9:46  Marauder, Marine x6  
  140  9:47  Marauder  
  140  9:48  Medivac, Marine  
  140  9:50  Marine  
  154  9:57  Marine  
  155  10:03  Marine  
  155  10:04  Marauder  
  155  10:05  Siege Tank x2  
  155  10:06  Medivac  
  166  10:07  Marine  
  166  10:09  Marine  
  168  10:15  Marine x2  
  168  10:16  Marauder  
  168  10:20  Marauder, Marine  
  172  10:24  Marine x2  
  172  10:26  Marauder  
  172  10:28  Marine  
  174  10:29  Marine  
  174  10:44  Marauder, Marine  
  174  10:47  Marauder, Marine x2  
  151  10:57  Marine x4  
  151  10:58  Marauder  
  151  10:59  Marine  
  151  11:00  Widow Mine  
  151  11:02  Planetary Fortress, Marine  
  154  11:05  Marine x2  
  154  11:06  Marauder  
  154  11:08  Marine  
  159  11:15  Marine x4  
  159  11:17  Marine  
  162  11:19  Marauder, Marine  
  162  11:22  Marine  
  162  11:23  Marine  
  167  11:27  Marauder x2, Command Center  
  167  11:29  Missile Turret  
  169  11:33  Marine x4  
  169  11:34  Siege Tank x2, Medivac  
  169  11:35  Marine  
  169  11:39  Marine  
  183  11:40  Marauder, Marine  
  183  11:43  Marine  
  187  11:48  Marauder  
  189  11:54  Marine  
  189  11:55  Marauder, Marine x4  
  193  12:06  Marauder, Marine x2  
  193  12:08  Marine  
  198  12:09  Marauder  
  198  12:11  Missile Turret  
Show
View Real Time Build Order
Export as new Build Order

NXZ Zerg 

Build Orders: Hatch First, Muta Ling Bane 

Get SALT Encoding   

  12  0:00  Drone  
  13  0:12  Overlord  
  13  0:17  Drone  
  14  0:31  Drone x2  
  14  0:34  Drone  
  17  0:51  Hatchery  
  17  0:54  Drone  
  17  0:57  Drone  
  17  1:00  Extractor  
  17  1:12  Spawning Pool  
  17  1:15  Drone  
  17  1:18  Drone  
  18  1:28  Drone  
  19  1:39  Overlord  
  19  1:59  Zergling x2, Queen  
  19  2:00  Metabolic Boost  
  22  2:02  Zergling x2  
  22  2:05  Queen  
  22  2:06  Drone  
  26  2:11  Drone  
  26  2:15  Overlord  
  27  2:22  Drone  
  28  2:27  Overlord  
  28  2:33  Drone  
  28  2:35  Drone  
  30  2:43  Queen x2  
  33  2:47  Drone  
  33  2:48  Drone  
  34  2:55  Drone  
  34  2:57  Drone  
  36  3:05  Drone  
  37  3:07  Drone x3  
  37  3:08  Drone  
  41  3:13  Overlord  
  41  3:15  Drone x2  
  43  3:29  Hatchery  
  43  3:31  Drone  
  43  3:33  Overlord  
  43  3:34  Drone x2  
  43  3:40  Drone  
  46  3:43  Drone  
  47  3:50  Extractor  
  47  3:52  Roach Warren, Extractor  
  47  3:53  Drone x7  
  51  3:58  Overlord  
  51  4:05  Drone  
  51  4:06  Drone  
  53  4:10  Evolution Chamber x2  
  53  4:15  Overlord  
  51  4:19  Queen  
  53  4:24  Zergling x2  
  53  4:25  Zergling x10  
  53  4:28  Overlord  
  59  4:36  Zerg Ground Armor Level 1  
  59  4:37  Zerg Melee Weapons Level 1  
  59  4:41  Roach x2  
  59  4:44  Roach  
  65  4:48  Drone x2  
  65  4:51  Lair  
  67  4:53  Drone  
  67  4:55  Drone  
  67  4:58  Drone x2  
  67  4:59  Drone  
  72  5:00  Drone  
  72  5:02  Drone  
  72  5:03  Drone  
  72  5:06  Drone x2  
  77  5:14  Baneling Nest  
  77  5:17  Spore Crawler  
  77  5:18  Spore Crawler  
  77  5:19  Spore Crawler  
  72  5:26  Drone x6  
  76  5:32  Drone  
  76  5:33  Drone x3  
  77  5:50  Overseer  
  77  5:51  Spire, Extractor  
  72  6:03  Drone x12  
  81  6:10  Centrifical Hooks  
  81  6:12  Drone  
  81  6:17  Hatchery  
  81  6:20  Extractor  
  81  6:21  Extractor  
  81  6:23  Drone x5  
  81  6:24  Drone  
  81  6:25  Drone  
  85  6:26  Drone  
  85  6:31  Overlord  
  85  6:32  Overlord  
  86  6:34  Overlord  
  86  6:44  Zerg Melee Weapons Level 2, Zerg Ground Armor Level 2  
  86  6:47  Drone  
  86  6:51  Zergling x4  
  86  6:52  Zergling x6  
  91  7:08  Drone x3  
  91  7:11  Drone  
  91  7:13  Queen  
  92  7:18  Drone  
  92  7:21  Baneling x4  
  92  7:22  Zergling x22  
  103  7:27  Zerg Flyer Weapons Level 1, Hatchery  
  103  7:29  Zergling x8  
  106  7:31  Overlord  
  106  7:33  Overlord  
  106  7:39  Drone  
  107  7:48  Hatchery  
  106  7:52  Mutalisk x5  
  106  7:55  Mutalisk  
  106  7:57  Mutalisk  
  120  8:02  Drone  
  120  8:03  Zergling x4  
  120  8:04  Zergling x2  
  120  8:05  Infestation Pit, Baneling x2  
  123  8:12  Mutalisk x2  
  123  8:15  Overlord  
  123  8:16  Overlord x2  
  123  8:18  Pneumatized Carapace  
  127  8:23  Drone x4  
  127  8:24  Drone  
  127  8:26  Drone x2  
  134  8:28  Drone  
  135  8:35  Zergling x12  
  135  8:36  Zergling x2  
  142  8:42  Zergling x8  
  142  8:44  Zergling x2  
  142  8:47  Zergling x2  
  148  8:50  Hive  
  148  8:52  Zergling x4  
  148  8:53  Zergling x6  
  152  8:58  Zergling x2  
  152  8:59  Zergling x6  
  132  9:12  Zergling x2  
  132  9:13  Zergling x16  
  119  9:19  Zergling x2  
  119  9:20  Zergling x6  
  119  9:21  Baneling x2  
  118  9:24  Zergling x6  
  118  9:25  Baneling  
  118  9:26  Zergling x2  
  122  9:33  Zergling x2  
  118  9:44  Zergling x2  
  118  9:45  Zergling x6  
  121  9:57  Overlord  
  121  9:58  Overlord, Zergling x2  
  121  9:59  Zergling x20  
  132  10:05  Hatchery, Zergling x2  
  132  10:07  Baneling x8  
  132  10:08  Zergling x4  
  114  10:21  Ultralisk Cavern  
  114  10:23  Zergling x24  
  114  10:24  Zergling x4  
  120  10:30  Zergling x2  
  120  10:33  Zergling x4  
  123  10:36  Zergling x2  
  100  10:59  Baneling  
  95  11:08  Hatchery  
  94  11:12  Chitinous Plating  
  94  11:13  Ultralisk  
  94  11:17  Overseer  
  99  11:19  Ultralisk  
  99  11:22  Ultralisk  
  111  11:31  Zergling x6  
  113  11:37  Zergling x2  
  113  11:38  Zergling x8  
  113  11:39  Baneling  
  118  11:40  Baneling  
  118  11:41  Baneling  
  118  11:47  Zergling x2  
  118  11:48  Zergling x8  
  121  12:11  Zergling x12  
Tags
 
Add a new tag
Caveats
  • Supply blocks, unpowered buildings, or Contaminate may cause inaccurate times.
  • Supply counts are checked every 10 seconds.